[ AOE2 MATCH · #504739454 ]
UnrankedPoles vs Armenians
Player's team · LOSS
Rival team · WIN
[ REPLAY ANALYSIS · EXTRACTED FROM THE RECORDED GAME ]
Feudal
8:58
Castle
20:21
Imperial
—
| APM avg | 89.7 |
| APM peak | 116 |
| eAPM avg | 38.3 |
| Villagers / military | 59 / 25 |
Focus
⚔️ 22.5% · 🌾 77.5%
Archer ×20 · Knight ×3 · Mangonel ×1 · Spearman ×1
Feudal
9:22
Castle
20:01
Imperial
—
| APM avg | 91.3 |
| APM peak | 143 |
| eAPM avg | 32.3 |
| Villagers / military | 64 / 33 |
Focus
⚔️ 41.4% · 🌾 58.6%
Cavalry Archer ×20 · Militia ×5 · Skirmisher ×4 · Warrior Priest ×3 · Monk ×1
Match map
Initial resources + every placement click. Lines = walls · curves = elevation contours. ◆ gold · ⬟ stone · ● berries · ✦ relic · ◌ wall gap
Your base· ✓ Closed at 20:21 · 31t walls · no gate
VIT Liereyy's base· ✓ Closed at 20:01 · 34t walls · 1 gate(s)
Smoothed initial terrain · ◌ = detected wall gap · hover for details
Inputs per minute
— Lamo - - VIT Liereyy
Build order — Lamo
148 actions detected in the replay
| 0:00 | Create | Villager (Male) |
| 0:00 | Create | Villager (Male) |
| 0:01 | Create | Villager (Male) |
| 0:01 | Build | House |
| 0:02 | Build | House |
| 0:28 | Create | Villager (Male) |
| 1:24 | Create | Villager (Male) |
| 1:53 | Build | Mill |
| 1:58 | Create | Villager (Male) |
| 1:58 | Create | Villager (Male) |
| 2:21 | Create | Villager (Male) |
| 2:45 | Create | Villager (Male) |
| 2:45 | Create | Villager (Male) |
| 3:04 | Create | Villager (Male) |
| 3:04 | Create | Villager (Male) |
| 3:36 | Create | Villager (Male) |
| 3:42 | Build | Lumber Camp |
| 3:46 | Build | Lumber Camp |
| 3:52 | Create | Villager (Male) |
| 4:14 | Create | Villager (Male) |
| 4:50 | Create | Villager (Male) |
| 5:02 | Create | Villager (Male) |
| 5:29 | Create | Villager (Male) |
| 6:01 | Research | Loom |
| 6:48 | Research | Feudal Age |
| 6:53 | Build | Mining Camp |
| 7:22 | Build | Palisade Wall |
| 7:45 | Build | Palisade Wall |
| 7:54 | Build | Barracks |
| 8:05 | Create | Villager (Male) |
| 8:52 | Build | House |
| 8:58 | Age | Feudal Age |
| 9:00 | Build | Archery Range |
| 9:03 | Create | Villager (Male) |
| 9:05 | Create | Spearman |
| 9:33 | Create | Villager (Male) |
| 9:36 | Build | House |
| 9:42 | Create | Archer |
| 9:49 | Build | Palisade Wall |
| 9:51 | Build | Palisade Wall |
| 10:01 | Create | Villager (Male) |
| 10:09 | Create | Villager (Male) |
| 10:19 | Create | Villager (Male) |
| 10:22 | Create | Villager (Male) |
| 10:40 | Create | Archer |
| 11:05 | Research | Horse Collar |
| 11:10 | Build | Farm |
| 11:12 | Build | Farm |
| 11:12 | Build | Farm |
| 11:13 | Create | Archer |
| 11:20 | Build | House |
| 11:30 | Create | Villager (Male) |
| 11:30 | Create | Villager (Male) |
| 11:38 | Build | House |
| 11:41 | Build | Palisade Wall |
| 11:42 | Build | Palisade Wall |
| 11:43 | Create | Villager (Male) |
| 11:49 | Build | Palisade Wall |
| 12:00 | Create | Archer |
| 12:15 | Create | Villager (Male) |
| 12:18 | Build | Mill |
| 12:42 | Create | Archer |
| 12:43 | Create | Villager (Male) |
| 13:23 | Create | Villager (Male) |
| 13:32 | Create | Villager (Male) |
| 13:34 | Create | Archer |
| 13:49 | Build | Palisade Wall |
| 13:52 | Build | Farm |
| 13:53 | Build | Farm |
| 14:04 | Build | Farm |
| 14:05 | Build | Farm |
| 14:05 | Build | Farm |
| 14:06 | Create | Villager (Male) |
| 14:08 | Create | Archer |
| 14:16 | Build | House |
| 14:19 | Create | Villager (Male) |
| 14:27 | Build | Palisade Wall |
| 14:46 | Create | Archer |
| 14:58 | Build | Farm |
| 14:59 | Create | Villager (Male) |
| 15:16 | Create | Villager (Male) |
| 15:34 | Research | Double-Bit Axe |
| 15:37 | Create | Villager (Male) |
| 15:44 | Create | Archer |
| 15:56 | Build | Farm |
| 16:01 | Create | Villager (Male) |
| 16:18 | Create | Archer |
| 16:21 | Create | Villager (Male) |
| 16:49 | Build | Blacksmith |
| 16:55 | Create | Archer |
| 17:00 | Create | Villager (Male) |
| 17:22 | Build | Farm |
| 17:22 | Build | Farm |
| 17:28 | Build | Farm |
| 17:41 | Research | Castle Age |
| 17:43 | Research | Gold Mining |
| 17:43 | Research | Gold Mining |
| 18:12 | Create | Archer |
| 18:38 | Build | Stable |
| 18:42 | Build | Stable |
| 18:45 | Create | Archer |
| 18:48 | Create | Archer |
| 19:20 | Build | House |
| 19:22 | Build | House |
| 19:26 | Create | Archer |
| 19:34 | Research | Bloodlines |
| 19:42 | Research | Fletching |
| 20:06 | Create | Villager (Male) |
| 20:21 | Age | Castle Age |
| 20:24 | Research | Crossbowman (upgrade) |
| 20:26 | Research | Bodkin Arrow |
| 20:26 | Research | Bodkin Arrow |
| 20:28 | Create | Knight |
| 20:32 | Build | House |
| 20:33 | Create | Villager (Male) |
| 20:53 | Build | Palisade Gate |
| 20:56 | Create | Knight |
| 20:59 | Create | Villager (Male) |
| 21:02 | Build | Lumber Camp |
| 21:20 | Build | Town Center |
| 21:23 | Create | Knight |
| 21:26 | Create | Villager (Male) |
| 21:48 | Research | Bow Saw |
| 21:49 | Create | Archer |
| 21:51 | Create | Archer |
| 21:59 | Create | Villager (Male) |
| 22:18 | Create | Villager (Male) |
| 22:23 | Create | Villager (Male) |
| 22:37 | Create | Villager (Male) |
| 22:56 | Create | Villager (Male) |
| 23:07 | Create | Villager (Male) |
| 23:15 | Create | Villager (Male) |
| 23:18 | Create | Villager (Male) |
| 23:29 | Build | University |
| 23:36 | Build | Siege Workshop |
| 23:38 | Create | Archer |
| 23:38 | Create | Archer |
| 23:46 | Create | Villager (Male) |
| 23:52 | Build | House |
| 23:59 | Create | Villager (Male) |
| 24:01 | Create | Archer |
| 24:03 | Create | Villager (Male) |
| 24:03 | Create | Villager (Male) |
| 24:14 | Create | Villager (Male) |
| 24:25 | Create | Mangonel |
| 24:30 | Create | Villager (Male) |
| 24:40 | Create | Villager (Male) |
| 24:42 | Build | House |
Build order — VIT Liereyy
First 150 of 185 actions detected
| 0:00 | Create | Villager (Male) |
| 0:01 | Build | House |
| 0:02 | Build | House |
| 0:18 | Create | Villager (Male) |
| 0:18 | Create | Villager (Male) |
| 0:19 | Create | Villager (Male) |
| 1:22 | Create | Villager (Male) |
| 1:50 | Build | Mule Cart |
| 2:02 | Create | Villager (Male) |
| 2:02 | Create | Villager (Male) |
| 2:11 | Create | Villager (Male) |
| 2:46 | Create | Villager (Male) |
| 2:46 | Create | Villager (Male) |
| 3:11 | Build | Mule Cart |
| 3:13 | Create | Villager (Male) |
| 3:13 | Create | Villager (Male) |
| 3:35 | Create | Villager (Male) |
| 3:50 | Build | House |
| 3:59 | Create | Villager (Male) |
| 4:18 | Create | Villager (Male) |
| 4:18 | Create | Villager (Male) |
| 4:33 | Create | Villager (Male) |
| 4:37 | Create | Villager (Male) |
| 4:50 | Create | Villager (Male) |
| 5:14 | Create | Villager (Male) |
| 6:09 | Research | Loom |
| 6:29 | Build | Barracks |
| 6:41 | Create | Villager (Male) |
| 6:53 | Build | House |
| 7:12 | Research | Feudal Age |
| 7:13 | Research | Feudal Age |
| 7:17 | Create | Militia |
| 7:17 | Create | Militia |
| 7:34 | Build | Mule Cart |
| 7:52 | Create | Villager (Male) |
| 8:00 | Create | Militia |
| 8:00 | Create | Militia |
| 8:05 | Build | House |
| 8:27 | Build | Mill |
| 8:28 | Create | Militia |
| 8:36 | Build | House |
| 8:38 | Build | Palisade Wall |
| 9:22 | Age | Feudal Age |
| 9:24 | Research | Man-at-Arms (upgrade) |
| 9:24 | Research | Man-at-Arms (upgrade) |
| 9:29 | Research | Double-Bit Axe |
| 9:35 | Create | Villager (Male) |
| 10:13 | Create | Villager (Male) |
| 10:24 | Create | Villager (Male) |
| 10:26 | Build | Archery Range |
| 10:49 | Build | House |
| 10:50 | Create | Villager (Male) |
| 11:00 | Build | Palisade Wall |
| 11:03 | Build | Farm |
| 11:04 | Build | Farm |
| 11:10 | Create | Villager (Male) |
| 11:13 | Build | Palisade Wall |
| 11:20 | Create | Skirmisher |
| 11:24 | Build | Palisade Wall |
| 11:28 | Build | Farm |
| 11:40 | Build | House |
| 11:42 | Create | Villager (Male) |
| 11:53 | Build | Farm |
| 11:55 | Create | Skirmisher |
| 11:55 | Create | Skirmisher |
| 12:11 | Build | Farm |
| 12:15 | Create | Villager (Male) |
| 12:17 | Build | Palisade Wall |
| 12:27 | Build | Palisade Wall |
| 12:29 | Build | Farm |
| 12:33 | Create | Villager (Male) |
| 12:42 | Build | Farm |
| 12:49 | Build | House |
| 12:57 | Create | Skirmisher |
| 13:08 | Create | Villager (Male) |
| 13:27 | Create | Villager (Male) |
| 13:33 | Build | Farm |
| 13:34 | Research | Horse Collar |
| 13:35 | Build | Farm |
| 13:52 | Create | Villager (Male) |
| 13:54 | Build | Farm |
| 14:00 | Build | Farm |
| 14:17 | Build | Farm |
| 14:17 | Create | Villager (Male) |
| 14:27 | Build | Farm |
| 14:32 | Create | Villager (Male) |
| 15:07 | Build | Blacksmith |
| 15:08 | Create | Villager (Male) |
| 15:28 | Create | Villager (Male) |
| 15:58 | Create | Villager (Male) |
| 16:21 | Create | Villager (Male) |
| 16:48 | Create | Villager (Male) |
| 16:52 | Build | House |
| 17:12 | Build | Palisade Gate |
| 17:15 | Build | Archery Range |
| 17:21 | Research | Castle Age |
| 17:21 | Research | Castle Age |
| 17:23 | Build | Farm |
| 17:25 | Build | Farm |
| 17:43 | Research | Gold Mining |
| 17:43 | Research | Gold Mining |
| 18:01 | Research | Fletching |
| 18:27 | Build | Stable |
| 18:35 | Create | Villager (Male) |
| 19:01 | Build | Farm |
| 19:25 | Research | Bloodlines |
| 19:25 | Research | Bloodlines |
| 20:01 | Age | Castle Age |
| 20:04 | Build | Town Center |
| 20:06 | Build | Monastery |
| 20:06 | Create | Cavalry Archer |
| 20:07 | Create | Cavalry Archer |
| 20:12 | Build | Town Center |
| 20:13 | Create | Villager (Male) |
| 20:21 | Research | Bow Saw |
| 20:22 | Research | Bow Saw |
| 20:29 | Create | Villager (Male) |
| 20:37 | Create | Cavalry Archer |
| 20:37 | Create | Cavalry Archer |
| 20:40 | Research | Bodkin Arrow |
| 20:41 | Create | Cavalry Archer |
| 20:41 | Create | Cavalry Archer |
| 20:47 | Create | Villager (Male) |
| 20:51 | Create | Monk |
| 20:53 | Create | Warrior Priest |
| 21:09 | Create | Cavalry Archer |
| 21:09 | Create | Cavalry Archer |
| 21:25 | Research | Husbandry |
| 21:25 | Research | Husbandry |
| 21:26 | Create | Warrior Priest |
| 21:34 | Research | Padded Archer Armor |
| 21:34 | Create | Villager (Male) |
| 21:35 | Build | Farm |
| 21:43 | Create | Villager (Male) |
| 21:49 | Create | Cavalry Archer |
| 21:49 | Create | Cavalry Archer |
| 21:52 | Build | Farm |
| 21:53 | Build | Farm |
| 21:55 | Create | Villager (Male) |
| 21:55 | Create | Villager (Male) |
| 22:03 | Build | House |
| 22:08 | Create | Cavalry Archer |
| 22:08 | Create | Villager (Male) |
| 22:10 | Build | Farm |
| 22:16 | Create | Villager (Male) |
| 22:19 | Create | Cavalry Archer |
| 22:21 | Create | Villager (Male) |
| 22:29 | Create | Cavalry Archer |
| 22:35 | Create | Villager (Male) |
| 22:41 | Create | Cavalry Archer |
Match timeline
| 6:29 | VIT Liereyy · first_building Barracks |
| 7:22 | Lamo · wall_segment Palisade Wall x1 |
| 7:45 | Lamo · wall_segment Palisade Wall x1 |
| 7:54 | Lamo · first_building Barracks |
| 8:38 | VIT Liereyy · wall_segment Palisade Wall x8 |
| 8:58 | Lamo · age_up feudal |
| 9:00 | Lamo · first_building Archery Range |
| 9:22 | VIT Liereyy · age_up feudal |
| 9:49 | Lamo · wall_segment Palisade Wall x1 |
| 9:51 | Lamo · wall_segment Palisade Wall x1 |
| 10:26 | VIT Liereyy · first_building Archery Range |
| 11:00 | VIT Liereyy · wall_segment Palisade Wall x3 |
| 11:13 | VIT Liereyy · wall_segment Palisade Wall x2 |
| 11:24 | VIT Liereyy · wall_segment Palisade Wall x6 |
| 11:41 | Lamo · wall_segment Palisade Wall x8 |
| 11:42 | Lamo · wall_segment Palisade Wall x8 |
| 11:49 | Lamo · wall_segment Palisade Wall x8 |
| 12:17 | VIT Liereyy · wall_segment Palisade Wall x10 |
| 12:27 | VIT Liereyy · wall_segment Palisade Wall x6 |
| 13:49 | Lamo · wall_segment Palisade Wall x2 |
| 14:27 | Lamo · wall_segment Palisade Wall x1 |
| 18:27 | VIT Liereyy · first_building Stable |
| 18:38 | Lamo · first_building Stable |
| 20:01 | VIT Liereyy · age_up castle |
| 20:06 | VIT Liereyy · first_building Monastery |
| 20:21 | Lamo · age_up castle |
| 23:36 | Lamo · first_building Siege Workshop |
| 24:56 | Lamo · resign |
[ AI ANALYSIS · 1 CREDIT ]
What really happened in this match?
Wolo.gg analyzes every decision: build order, eco, micro, common mistakes by bracket. Personalized analysis on WhatsApp or Discord in 30 seconds.
Civ guide
Poles
Perfil
Jugador #5188554